 Dungeon Crawl Stone Soup version 0.16-a0-2034-ge585701 (webtiles) character file.

265 zzz the Insei (level 5, -1/48 HPs)
             Began as a Draconian Monk on Nov 10, 2014.
             Succumbed to poison (a potion of poison)
             ... on level 3 of the Dungeon.
             The game lasted 00:04:54 (3276 turns).

zzz the Insei (Draconian Monk)                      Turns: 3276, Time: 00:04:54

Health: -1/48      AC:  6    Str: 13    XL:     5   Next: 99%
Magic:  5/5        EV: 14    Int: 11    God:
Gold:   100        SH:  0    Dex: 14    Spells: 0 memorised, 4 levels left

rFire  . . .     SeeInvis +       - Unarmed
rCold  . . .     Clarity  .     (armour unavailable)
rNeg   . . .     SustAb   .     (no shield)
rPois  .         Gourm    .     (helmet restricted)
rElec  .         Spirit   .     (no cloak)
rCorr  .         Warding  .     j - +0 pair of gloves
rMut   .         Stasis   .     (no boots)
MR     .....                    (no amulet)
Stlth  ++........               (no ring)
                                h - ring of see invisible

@: lethally poisoned, not resistant to hostile enchantments, unstealthy
A: unfitting armour, cold-blooded, AC +5
a: no special abilities


You were on level 3 of the Dungeon.
You were hungry.

You visited 1 branch of the dungeon, and saw 4 of its levels.

You collected 100 gold pieces.

Inventory:

Armour
 j - a +0 pair of gloves (worn)
Jewellery
 h - a ring of see invisible (left hand)
Scrolls
 a - 3 scrolls of fog {unknown}
 d - 2 scrolls of noise {unknown}
 e - a scroll of teleportation {unknown}
 f - a scroll of enchant armour {unknown}
 g - a scroll of recharging {unknown}
 k - a scroll of identify {unknown}
 m - a scroll of random uselessness {unknown}
Comestibles
 b - a bread ration
 l - 20 fruits
 n - a meat ration


   Skills:
 - Level 5.0 Fighting
 + Level 4.4 Dodging
 - Level 1.7 Stealth
 - Level 5.0 Unarmed Combat


You had 4 spell levels left.
You didn't know any spells.

Dungeon Overview and Level Annotations

Branches:
Dungeon (4/15)
 Temple: D:4-7

Altars:

Annotations:
D:4 B1inky's ghost, average OpEn


Innate Abilities, Weirdness & Mutations

Your plain brown scales are hard (AC +5).
Your body does not fit into most forms of armour.
Your cold-blooded metabolism reacts poorly to cold.


Message History

* * * LOW HITPOINT WARNING * * *
You feel sick.
Drink which item? (? for menu, Esc to quit)
You feel refreshed.
It was a potion of restore abilities.
* * * LOW HITPOINT WARNING * * *
You feel sick.
Drink which item? (? for menu, Esc to quit)
That liquid tasted very nasty...
You are more poisoned.
It was a potion of poison.
* * * LOW HITPOINT WARNING * * *
You feel sick.
There is a lethal amount of poison in your body!
* * * LOW HITPOINT WARNING * * *
You feel very sick.
There is a stone staircase leading down, spattered with blood here.
* * * LOW HITPOINT WARNING * * *
You feel sick.
* * * LOW HITPOINT WARNING * * *
You feel sick.
You die...

.# #.##.........# #...##< .#
#.########.#.###.####. ##
#.########.##...## ##
#..........###.## ############
#.# ########.#######
#...)....#......
########.......##.##### #####
#..>..@.)......##)# #...#
#.######..........# ##...### #.#
#...)...#### .......####.###
#.......#
..............####.......#
.......######.......#.###########
.[.....# #######..............
##...#.# #...........### ##.##.#
#.(.####.......


There were no monsters in sight!

Vanquished Creatures
  A scorpion (D:3)
  An orc priest (D:3)
  An orc wizard (D:3)
  4 gnolls
  5 adders
  A giant gecko (D:2)
  8 orcs (D:3)
  10 bats
  4 giant cockroaches
  11 goblins
  6 hobgoblins
  6 jackals
  A quokka (D:1)
  A ball python skeleton (D:3)
  4 giant newts
  3 kobolds
  6 rats
73 creatures vanquished.

Notes
Turn   | Place    | Note
--------------------------------------------------------------
     0 | D:1      | zzz, the Draconian Monk, began the quest for the Orb.
     0 | D:1      | Reached XP level 1. HP: 19/19 MP: 1/1
   215 | D:1      | Reached XP level 2. HP: 21/26 MP: 2/2
   814 | D:1      | Reached skill level 5 in Unarmed Combat
   814 | D:1      | Reached XP level 3. HP: 11/31 MP: 3/3
  1378 | D:2      | Reached XP level 4. HP: 2/41 MP: 4/4
  2187 | D:3      | Reached skill level 5 in Fighting
  2561 | D:3      | Reached XP level 5. HP: 48/48 MP: 5/5
  3202 | D:4      | Noticed B1inky's ghost (average OpEn)
  3274 | D:3      | HP: 2/48 [poison (a potion of poison)]
  3276 | D:3      | Succumbed to poison (a potion of poison)

Action                   |  1- 3 |  4- 6 || total
-------------------------+-------+-------++-------
Melee: Unarmed           |    91 |   158 ||   249
  Use: Potion            |       |     2 ||     2
 Stab: Sleeping          |     2 |     2 ||     4
  Eat: Chunk             |     1 |     6 ||     7
